 Dungeon Crawl Stone Soup version 0.30.1-3-gfc49f6343a (webtiles) character file.

Game seed: 11426149805015756602

2167 Gorgoleon the Destroyer (level 9, -1/62 HPs)
             Began as a Red Draconian Conjurer on Aug 9, 2023.
             Was a Follower of Vehumet.
             Shot with a sling bullet by Joseph (17 damage)
             ... on level 7 of the Dungeon.
             The game lasted 00:25:51 (7310 turns).

Gorgoleon the Destroyer (Red Draconian Conjurer)    Turns: 7310, Time: 00:25:52

Health: -1/62      AC:  9    Str:  9    XL:     9   Next: 10%
Magic:  11/13      EV: 12    Int: 24    God:    Vehumet [*.....]
Gold:   306        SH:  0    Dex:  9    Spells: 4/14 levels left

rFire   + . .        d - +0 short sword
rCold   . . .        (no shield)
rNeg    . . .        (body armour unavailable)
rPois   .            (helmet restricted)
rElec   .            c - +0 cloak
rCorr   .            b - +0 pair of gloves
SInv    .            (no boots)
Will    .....        k - amulet of magic regeneration
Stlth   ++           (no ring)
HPRegen 0.30/turn    (no ring)
MPRegen 0.53/turn

%: no passive effects
@: no status effects
A: breathe fire, AC +7, unfitting armour, fire resistance 1, cold-blooded
a: Breathe Fire, Renounce Religion


You were on level 7 of the Dungeon.
You worshipped Vehumet.
Vehumet was aware of your devotion.
You visited 2 branches of the dungeon, and saw 8 of its levels.

You collected 306 gold pieces.

Inventory:

Hand Weapons
 d - a +0 short sword (weapon)
Missiles
 e - 64 stones
 t - 4 silver boomerangs
Armour
 b - a +0 pair of gloves (worn)
 c - a +0 cloak (worn)
Jewellery
 j - an amulet of faith
 k - an amulet of magic regeneration (around neck)
 l - an amulet of guardian spirit
Wands
 n - a wand of light (18)
 y - a wand of iceblast (9)
Scrolls
 g - a scroll of amnesia
 p - 2 scrolls of teleportation
 w - a scroll of blinking
Potions
 f - 4 potions of curing
 i - 2 potions of flight
 m - 2 potions of mutation
 s - a potion of resistance
 v - a potion of invisibility


   Skills:
 - Level 2.0 Dodging
 - Level 1.7 Stealth
 - Level 3.0 Spellcasting
 + Level 11.8 Conjurations
 * Level 2.5 Hexes
 - Level 2.0 Evocations


You had 4 spell levels left.
You knew the following spells:

 Your Spells              Type           Power      Damage    Failure   Level
a - Magic Dart            Conj           100%       1d8       1%          1
b - Searing Ray           Conj           100%       2d8       1%          2
c - Dazzling Flash        Conj/Hex       76%        N/A       1%          3
d - Fulminant Prism       Conj/Hex       19%        3d10      5%          4

Your spell library contained the following spells:

 Spells                   Type           Power      Damage    Failure   Level
 Kiss of Death            Conj/Necr      100%       2d13      1%          1
 Shock                    Conj/Air       100%       1d9       1%          1
 Momentum Strike          Conj/Tloc      62%        3d9       1%          2
 Ensorcelled Hibernation  Hex/Ice        18%        N/A       10%         2
 Iskenderun's Mystic Bla  Conj/Tloc      31%        2d8       10%         4
 Beastly Appendage        Tmut           6%         N/A       11%         1
 Blink                    Tloc           6%         N/A       16%         2
 Lesser Beckoning         Tloc           6%         N/A       16%         2
 Passwall                 Tmut/Erth      2%         N/A       16%         2
 Wereblood                Tmut           3%         N/A       16%         2
 Ozocubu's Armour         Ice            3%         N/A       32%         3
 Spider Form              Tmut/Pois      3%         N/A       32%         3
 Swiftness                Air            3%         N/A       32%         3
 Airstrike                Air            1%         2d(1-17)  71%         4
 Ozocubu's Refrigeration  Ice            1%         4d7       100%        7


Dungeon Overview and Level Annotations

Branches:
Dungeon (7/15)             Temple (1/1) D:5

Altars:
Dithmenos
Elyvilon
Fedhas
Gozag
Hepliaklqana
Kikubaaqudgha
Nemelex Xobeh
Okawaru
Ru
Sif Muna
Trog
Uskayaw
Vehumet
Wu Jian
Xom
Yredelemnul
The Shining One

Shops:
D:6 *

Annotations:
D:3 3 runed translucent doors, Findleman's ghost, amateur DrFi
D:7 Joseph


Innate Abilities, Weirdness & Mutations

You can breathe blasts of fire.
Your fiery red scales are hard. (AC +7)
You cannot fit into any form of body armour.
Your flesh is heat resistant. (rF+)
You are cold-blooded and may be slowed by cold attacks.


Message History

Casting: Fulminant Prism (dangerous; 5% risk of failure)
Confirm with . or Enter, or press ? or * to list all spells.
Aiming: Searing Ray (safe; 1% risk of failure)
Press: ? - help, Shift-Dir - straight line, f - Joseph
Aim: Joseph, wielding a +0 sling and wearing a +0 leather armour (83% to hit)
The searing ray hits Joseph!
Joseph is lightly wounded. (Press . to maintain the ray.)
The searing ray hits Joseph!
Joseph is moderately wounded.
Joseph shoots a sling bullet.
The sling bullet hits you.
The searing ray hits Joseph.
Joseph is moderately wounded.
The searing ray hits Joseph.
Joseph is heavily wounded.
You finish channelling your searing ray.
Joseph shoots a sling bullet.
The sling bullet hits you!
* * * LOW HITPOINT WARNING * * *
Unknown command.
You feel much better.
Joseph shoots a sling bullet.
The sling bullet hits you.
Casting: Searing Ray (safe; 1% risk of failure)
Confirm with . or Enter, or press ? or * to list all spells.
Okay, then.
Magic courses through your body.
Joseph shoots a sling bullet.
The sling bullet closely misses you.
Your magical contamination has completely faded away.
Casting: Searing Ray (safe; 1% risk of failure)
Confirm with . or Enter, or press ? or * to list all spells.
Aiming: Searing Ray (safe; 1% risk of failure)
Press: ? - help, Shift-Dir - straight line, f/p - Joseph
Aim: Joseph, wielding a +0 sling and wearing a +0 leather armour (heavily wounded, 83% to hit)
The searing ray misses Joseph. (Press . to maintain the ray.) Joseph shoots a sling bullet.
The sling bullet hits you!
* * * LOW HITPOINT WARNING * * *
The searing ray hits Joseph.
Joseph is heavily wounded.
Joseph smiles happily.
Joseph shoots a sling bullet.
The sling bullet hits you!
You die...

#.............#
######.#####..#
#.........#..####
#.###............
#.#........# #.#........#
#.###.#........#
#.....#........#
......#@#........#
......#.#........####
..... #@#####.......#
..... #.# #######.#
..#########.## #.#
......$......##### #.#
###.......#......# #.#
#.......#......######.#
....#####.#.............#


You could see Joseph.

Vanquished Creatures
  Prince Ribbit (D:5)
  An orc warrior (D:6)
  3 ogres
  4 black bears
  An ice beast (D:6)
  A centaur (D:7)
  A phantom (D:6)
  A kobold brigand (D:6)
  4 scorpions
  A howler monkey (D:5)
  6 orc priests
  2 jellies (D:6)
  3 hounds
  3 sleepcaps
  2 iguanas (D:6)
  2 orc wizards
  3 adders
  A white imp (D:5)
  4 ufetubi
  3 dart slugs
  4 worms
  25 orcs
  7 endoplasms
  4 giant cockroaches
  7 goblins
  2 hobgoblins (D:3)
  4 jackals (D:1)
  4 quokkas
  6 ball pythons
  6 bats
  8 frilled lizards
  12 kobolds
  4 rats
140 creatures vanquished.

Vanquished Creatures (others)
  A kobold (D:6)
  2 fulminant prisms (D:7)
3 creatures vanquished.

Grand Total: 143 creatures vanquished

Notes
Turn   | Place    | Note
-------+----------+-------------------------------------------
     0 | D:1      | Gorgoleon the Draconian Conjurer began the quest for the
                  | Orb.
     0 | D:1      | Reached XP level 1. HP: 14/14 MP: 3/3
   313 | D:1      | Reached XP level 2. HP: 18/20 MP: 0/5
   502 | D:1      | Learned a level 2 spell: Searing Ray
   762 | D:1      | Reached skill level 5 in Conjurations
   860 | D:1      | Reached XP level 3. HP: 26/26 MP: 4/6
  1239 | D:2      | Learned a level 3 spell: Dazzling Flash
  1967 | D:3      | Reached XP level 4. HP: 33/33 MP: 5/7
  2050 | D:3      | Reached skill level 1 in Evocations
  2071 | D:3      | Found a faded altar of an unknown god.
  2146 | D:3      | Reached skill level 6 in Conjurations
  2146 | D:3      | Reached XP level 5. HP: 38/38 MP: 5/8
  2218 | D:3      | Found a runed translucent gate.
  2218 | D:3      | Found a runed translucent gate.
  2222 | D:3      | Found a runed translucent gate.
  2248 | D:3      | Noticed Findleman's ghost (amateur DrFi)
  2586 | D:3      | Found a glowing golden altar of the Shining One.
  3247 | D:4      | Noticed an ogre
  3248 | D:4      | Noticed an ogre
  3411 | D:4      | Killed an ogre
  3412 | D:4      | Reached skill level 7 in Conjurations
  3412 | D:4      | Reached skill level 1 in Hexes
  3412 | D:4      | Reached XP level 6. HP: 7/45 MP: 3/9
  3646 | D:4      | Reached skill level 8 in Conjurations
  3766 | D:4      | Your scales start taking on a fiery red colour.
  3766 | D:4      | Reached XP level 7. HP: 30/50 MP: 4/10
  3766 | D:4      | Gained mutation: Your flesh is heat resistant. (rF+) [Red
                  | Draconian growth]
  3771 | D:4      | Learned a level 4 spell: Fulminant Prism
  4121 | D:4      | Found a shimmering altar of Xom.
  4392 | D:5      | Entered Level 5 of the Dungeon
  4631 | D:5      | Found a staircase to the Ecumenical Temple.
  4650 | Temple   | Entered the Ecumenical Temple
  4675 | Temple   | Became a worshipper of Vehumet
  4803 | D:5      | Reached skill level 9 in Conjurations
  5102 | D:5      | Reached skill level 10 in Conjurations
  5102 | D:5      | Reached XP level 8. HP: 39/57 MP: 5/11
  5432 | D:5      | Noticed Prince Ribbit
  5436 | D:5      | Killed Prince Ribbit
  6106 | D:6      | Reached * piety under Vehumet
  6106 | D:6      | Offered knowledge of Kiss of Death by Vehumet.
  6163 | D:6      | Found Plog's General Store.
  6366 | D:6      | Reached skill level 11 in Conjurations
  6765 | D:6      | Reached XP level 9. HP: 62/62 MP: 9/13
  7282 | D:7      | Noticed Joseph
  7310 | D:7      | Shot with a sling bullet by Joseph

Illustrated notes

Levels and vault maps discovered:
D:1:      dreamdust_arrival_beginning_and_end, layout_rooms, serial_bayou,
          serial_bayou_lake_a, serial_bayou_shore_b, serial_bayou_pond_a,
          serial_bayou_shore_a
D:2:      layout_basic
D:3:      layout_basic, mainiacjoe_overflow_cross_hatched, gammafunk_ghost_icy,
          shapermc_ecumenical_altar_flowoftime, kennysheep_generic_room_2
D:4:      layout_basic, marbit_many_paths, kennysheep_generic_room_14
D:5:      layout_basic, minmay_temple_entry_grid, uniq_prince_ribbit1
D:6:      layout_loops_cross, serial_shops, shop, minmay_misc_feat_x,
          kennysheep_opposing_triangles
D:7:      layout_basic, uniq_joseph
Temple:   nicolae_temple_bog_church

Skill      XL: |  1  2  3  4  5  6  7  8 |
---------------+-------------------------+-----
Conjurations   | 5 6 7 8 10 11 | 11.8
Evocations     | 1 2 |  2.0
Hexes          | 1 2 |  2.5
Dodging        | 2 |  2.0
Spellcasting   | 3 |  3.0
Stealth        | |  1.7

Action                     |  1- 3 |  4- 6 |  7- 9 || total
---------------------------+-------+-------+-------++-------
  Melee: Unarmed           |    16 |       |       ||    16
         Short sword       |    47 |     8 |    12 ||    67
         Tailslap          |     6 |     3 |     5 ||    14
   Cast: Magic Dart        |    81 |    67 |    83 ||   231
         Searing Ray       |       |     6 |    34 ||    40
         Fulminant Prism   |       |       |     2 ||     2
    Use: Scroll            |     6 |     1 |     5 ||    12
         Potion            |       |       |     9 ||     9
   Stab: Sleeping          |       |     2 |       ||     2
 Armour: Skin              |    29 |    12 |    35 ||    76
  Dodge: Dodged            |    43 |    16 |    60 ||   119
